 Dungeon Crawl Stone Soup version 0.16-a0-3532-g139d762 (webtiles) character file.

5310 Gronka the Blocker (level 10, 0/90 HPs)
             Began as a Minotaur Fighter on Jan 7, 2015.
             Slain by Gronka's ghost (1 damage)
             ... on level 10 of the Dungeon.
             The game lasted 00:58:32 (7008 turns).

Gronka the Blocker (Minotaur Fighter)               Turns: 7008, Time: 00:58:35

Health: 0/90       AC: 17    Str: 24    XL:     10   Next: 37%
Magic:  4/4        EV:  9    Int:  5    God:
Gold:   615        SH: 12    Dex: 12    Spells: 2 memorised, 3 levels left

rFire  + . .     SeeInvis .     F - +2 falchion (venom)
rCold  + + +     Clarity  .     D - +3 chain mail of Bliesm {rElec rF+ Dex+2}
rNeg   . . .     SustAb   .     c - +0 shield
rPois  +         Gourm    +     (helmet restricted)
rElec  +         Spirit   .     (no cloak)
rCorr  +         Warding  .     t - +0 pair of gloves
rMut   .         Stasis   .     j - +0 pair of boots
MR     .....                    r - amulet of the gourmand
Stlth  ..........               I - ring of protection from cold
                                w - ring of ice

@: resistant, very slightly contaminated, not resistant to hostile enchantments,
extremely unstealthy
A: retaliatory headbutt, horns 2
a: no special abilities


You were on level 10 of the Dungeon.
You were not hungry.

You visited 2 branches of the dungeon, and saw 11 of its levels.

You collected 615 gold pieces.

Inventory:

Hand weapons
 a - a +0 long sword
 F - a +2 falchion of venom (weapon)
Missiles
 A - 4 tomahawks (quivered)
Armour
 c - a +0 shield (worn)
 j - a +0 pair of boots (worn)
 t - a +0 pair of gloves (worn)
 D - the +3 chain mail of Bliesm (worn) {rElec rF+ Dex+2}
   (You found it on level 4 of the Dungeon)

   It affects your dexterity (+2).
   It protects you from fire.
   It insulates you from electricity.
 H - a troll hide
 S - a +0 plate armour
Magical staves
 K - an uncursed staff of fire
Jewellery
 r - an amulet of the gourmand (around neck)
 w - a ring of ice (left hand)
 I - a ring of protection from cold (right hand)
Magical devices
 l - a wand of heal wounds (0)
 m - a wand of confusion (34)
 v - a wand of paralysis (6)
 Q - a wand of flame (29)
 T - a wand of magic darts (37)
 U - a wand of slowing (11)
 V - a wand of lightning (9)
 W - a wand of magic darts (35)
 Y - a wand of cold (13)
Scrolls
 d - a scroll of enchant weapon {unknown}
 f - a scroll of acquirement {unknown}
 i - a scroll of fog {unknown}
 k - 7 scrolls of remove curse
 p - a scroll of blinking
 s - a scroll of teleportation
 u - a scroll of holy word {unknown}
 z - a scroll of torment {unknown}
 J - a scroll of enchant armour {unknown}
 M - a scroll of magic mapping
 N - a scroll of brand weapon
Potions
 b - a potion of flight {unknown}
 e - a potion of might
 g - a potion of magic {unknown}
 h - a potion of cure mutation {unknown}
 n - a potion of resistance
 o - a potion of ambrosia {unknown}
 q - a potion of degeneration {unknown}
 B - 2 potions of curing
 C - a potion of brilliance {unknown}
 G - a potion of cancellation {unknown}
 O - a potion of restore abilities {unknown}
 R - a potion of mutation {unknown}
 X - a potion of poison {unknown}
Comestibles
 x - 5 bread rations
 L - 4 slices of pizza
 Z - 4 fruits


   Skills:
 + Level 8.7 Fighting
 + Level 9.4 Long Blades
 + Level 2.4 Throwing
 + Level 8.8 Armour
 + Level 4.7 Dodging
 + Level 1.3 Stealth
 + Level 10.0 Shields
 + Level 0.4 Evocations


You had 3 spell levels left.
You knew the following spells:

 Your Spells              Type           Power        Failure   Level  Hunger
a - Fireball              Conj/Fire      #.........   100%        5    ######.
b - Pain                  Necr           #...         100%        1    ##.....


Dungeon Overview and Level Annotations

Branches:
Dungeon (10/15)            Temple (1/1) D:7
   Lair: D:8-11         Orc: D:9-12

Altars:
Ashenzari
Cheibriados
Dithmenos
Elyvilon
Fedhas
Gozag
Kikubaaqudgha
Makhleb
Qazlal
Ru
Sif Muna
Trog
Vehumet
Xom
Yredelemnul
Zin
The Shining One

Shops:
D:9 (!

Annotations:
D:10 Gronka's ghost, experienced MiFi


Innate Abilities, Weirdness & Mutations

You reflexively headbutt those who attack you in melee.
You have a pair of horns on your head.


Message History

You block the yak's attack.
You completely miss Gronka's ghost.
You headbutt Gronka's ghost, but do no damage.
Gronka's ghost is lightly damaged.
Gronka's ghost hits you but does no damage.
The yak gores you but does no damage.
You hit Gronka's ghost but do no damage.
Your headbutt misses Gronka's ghost.
Gronka's ghost is lightly damaged.
Gronka's ghost hits you but does no damage.
You barely miss Gronka's ghost. You headbutt Gronka's ghost.
Gronka's ghost is lightly damaged.
You block the yak's attack.
You hit Gronka's ghost but do no damage.
You headbutt Gronka's ghost, but do no damage.
Gronka's ghost is lightly damaged.
Gronka's ghost screams in joy, "As in life, so in death: Kill!
Kill!!
Kill!!!"
Gronka's ghost hits you!
* * * LOW HITPOINT WARNING * * *
You die...

. #. #.#
#.#########.#
.....§....#.#
.........Y#Y###..
≈..≈≈..W..Y.....#
≈≈≈≈≈≈≈.....######
≈≈≈≈≈≈≈≈..#....W@#
.≈≈≈≈.....######Y#
.≈≈≈≈≈≈....# #.#
..........# #.#
≈≈≈;≈≈...# #.#
≈≈≈≈≈≈.... ...
≈≈≈≈≈...### #.#
.≈.....# ..#
.≈≈...# ###


You could see a yak and Gronka's ghost.

Vanquished Creatures
  A wizard (D:9)
  Maurice (D:8)
  A harpy zombie (D:9)
  A troll (D:10)
  A deep elf mage (D:9)
  3 wolves (D:10)
  3 yaks (D:10)
  Menkaure (D:5)
  An ice beast (D:7)
  A sky beast (D:8)
  4 ogres
  3 phantoms
  5 centaurs
  A necrophage (D:8)
  Blork the orc (D:8)
  3 giant frogs
  A gnoll sergeant (D:9)
  2 scorpions
  5 giant frog zombies
  A centaur zombie (D:3)
  A crimson imp (D:5)
  A goliath beetle (D:5)
  A giant frog skeleton (D:10)
  An orc wizard (D:9)
  6 orc priests
  8 hounds
  4 iguanas
  8 worker ants
  Terence (D:2)
  6 adders
  4 gnolls (D:9)
  A shadow imp (D:7)
  2 giant mites
  4 worms
  5 giant geckos
  29 orcs
  10 bats
  A bat skeleton (D:5)
  3 giant cockroaches
  9 goblins
  15 hobgoblins
  16 jackals
  7 quokkas
  A ball python (D:8)
  A ball python skeleton (D:5)
  7 giant newts
  2 gnoll zombies (D:5)
  19 kobolds
  A quokka zombie (D:7)
  8 rats
  3 ballistomycetes (D:6)
225 creatures vanquished.

Vanquished Creatures (others)
  A shadow imp (D:7)
  An orc (D:6)
  A hobgoblin (D:6)
  A kobold (D:7)
  A giant spore (D:6)
5 creatures vanquished.

Grand Total: 230 creatures vanquished

Notes
Turn   | Place    | Note
--------------------------------------------------------------
     0 | D:1      | Gronka, the Minotaur Fighter, began the quest for the Orb.
     0 | D:1      | Reached XP level 1. HP: 19/19 MP: 1/1
   216 | D:1      | Reached XP level 2. HP: 25/27 MP: 1/1
   396 | D:1      | Reached skill level 4 in Armour
   684 | D:2      | Reached XP level 3. HP: 18/33 MP: 2/2
   709 | D:2      | Noticed Terence
   717 | D:2      | Killed Terence
   815 | D:2      | Found an opulent altar of Gozag.
   894 | D:2      | Reached XP level 4. HP: 36/40 MP: 2/2
  1460 | D:3      | Reached skill level 5 in Shields
  1460 | D:3      | Reached XP level 5. HP: 42/47 MP: 2/2
  1690 | D:3      | Reached skill level 1 in Dodging
  1715 | D:4      | Got a fine chain mail
  1726 | D:4      | Identified the +3 chain mail of Bliesm {rElec rF+ Dex+2} (You found it on level 4 of the Dungeon)
  2094 | D:4      | Reached XP level 6. HP: 50/55 MP: 3/3
  2217 | D:4      | Reached skill level 5 in Armour
  2349 | D:5      | Entered Level 5 of the Dungeon
  2407 | D:5      | Reached skill level 5 in Fighting
  2438 | D:5      | Reached skill level 6 in Shields
  2789 | D:5      | Reached XP level 7. HP: 61/61 MP: 3/3
  2796 | D:5      | Noticed Menkaure
  2804 | D:5      | Killed Menkaure
  2968 | D:5      | Found a basalt altar of Yredelemnul.
  3139 | D:5      | Reached skill level 1 in Stealth
  3255 | D:6      | Reached skill level 5 in Long Blades
  3255 | D:6      | Reached skill level 7 in Shields
  3584 | D:6      | Found a deep blue altar of Sif Muna.
  3584 | D:6      | Found a bloodstained altar of Trog.
  3586 | D:6      | Found a blossoming altar of Fedhas.
  3587 | D:6      | Found a shimmering altar of Xom.
  3588 | D:6      | Found a burning altar of Makhleb.
  3592 | D:6      | Found a shadowy altar of Dithmenos.
  3592 | D:6      | Found a sacrificial altar of Ru.
  3616 | D:6      | Reached XP level 8. HP: 70/70 MP: 3/3
  3727 | D:6      | Found a sand-covered staircase.
  4266 | D:7      | Reached skill level 8 in Shields
  4480 | D:7      | Found a staircase to the Ecumenical Temple.
  4489 | Temple   | Entered the Ecumenical Temple
  4690 | D:7      | Found a radiant altar of Vehumet.
  4844 | D:8      | Noticed Maurice
  5062 | D:8      | Killed Maurice
  5062 | D:8      | Reached skill level 1 in Throwing
  5062 | D:8      | Reached XP level 9. HP: 72/79 MP: 4/4
  5079 | D:8      | Found a glowing golden altar of the Shining One.
  5879 | D:8      | Noticed Blork the orc
  5887 | D:8      | Killed Blork the orc
  6009 | D:9      | Learned a level 5 spell: Fireball
  6014 | D:9      | Learned a level 1 spell: Pain
  6029 | D:9      | Reached skill level 9 in Shields
  6030 | D:9      | Found Gamn's Weapon Emporium.
  6147 | D:9      | Found Ghywn's Distillery.
  6674 | D:9      | Noticed a wizard
  6691 | D:9      | Killed a wizard
  6691 | D:9      | Reached XP level 10. HP: 60/89 MP: 4/4
  6895 | D:10     | Entered Level 10 of the Dungeon
  6907 | D:10     | Noticed Gronka's ghost (experienced MiFi)
  6998 | D:10     | Reached skill level 10 in Shields
  7008 | D:10     | HP: 1/90 [Gronka's ghost (10)]
  7008 | D:10     | Slain by Gronka's ghost

Action                   |  1- 3 |  4- 6 |  7- 9 | 10-12 || total
-------------------------+-------+-------+-------+-------++-------
Melee: Long sword        |    95 |   137 |       |       ||   232
       Falchion          |       |    81 |   413 |    80 ||   574
Throw: Tomahawk          |       |     1 |    14 |       ||    15
Evoke: Wand              |       |       |       |     3 ||     3
  Use: Scroll            |       |     3 |     9 |     3 ||    15
       Potion            |       |       |     2 |     4 ||     6
  Eat: Bread ration      |       |     1 |     1 |       ||     2
       Fruit             |       |     3 |     3 |       ||     6
       Beef jerky        |       |       |     2 |       ||     2
       Chunk             |       |       |     8 |       ||     8
